 Dungeon Crawl Stone Soup version 0.31-a0-204-g7da18cac08 (webtiles) character file.

Game seed: 16722248977193387073

184 qw the Skirmisher (level 5, -6/29 HPs)
             Began as a Deep Elf Hunter on June 27, 2023.
             Killed by divine providence
             ... invoked by an orc priest
              (13 damage)
             ... on level 4 of the Dungeon.
             The game lasted 00:00:53 (2590 turns).

qw the Skirmisher (Deep Elf Hunter)                 Turns: 2590, Time: 00:00:53

Health: -6/29      AC:  6    Str: 10    XL:     5   Next: 36%
Magic:  7/7        EV: 11    Int: 14    God:
Gold:   105        SH:  0    Dex: 18    Spells: 4/4 levels left

rFire   . . .        Y - +0 shortbow
rCold   . . .        (shield currently unavailable)
rNeg    . . .        a - +0 ring mail
rPois   +            (no helmet)
rElec   .            h - +0 cloak
rCorr   .            (no gloves)
SInv    .            (no boots)
Will    .....        (no amulet)
Stlth   +            e - ring of poison resistance
HPRegen 0.24/turn    (no ring)
MPRegen 0.10/turn

%: no passive effects
@: no status effects
A: no striking features
a: no special abilities


You were on level 4 of the Dungeon.
You visited 1 branch of the dungeon, and saw 4 of its levels.

You collected 138 gold pieces.
You spent 33 gold pieces at shops.


   Skills:
 - Level 1.5 Fighting
 + Level 8.9 Ranged Weapons
 - Level 2.4 Dodging
 - Level 1.2 Stealth


You had 4 spell levels left.
You didn't know any spells.
Your spell library was empty.

Inventory:

Hand Weapons
 Y - a +0 shortbow (weapon)
Armour
 a - a +0 ring mail (worn)
 h - a +0 cloak (worn)
Jewellery
 e - a ring of poison resistance (left hand)
Potions
 d - a potion of magic {unknown}
 f - a potion of brilliance {unknown}
 g - a potion of degeneration {unknown}
 i - 4 potions of curing
 j - a potion of heal wounds {unknown}

Dungeon Overview and Level Annotations

Branches:
Dungeon (4/15)
 Temple: D:4-7

Altars:
Vehumet
Yredelemnul

Shops:
D:3 (   D:4 *


Message History

Things that are here:
a +2 whip of electrocution; a +0 scale mail; an orc corpse Done exploring.
(D) Dungeon
Where to? (* - list waypoints, Enter - D:4, ? - help)
What level of the Dungeon? (default 1, ? - help)
There is a stone staircase leading down here.
You climb downwards.
There is a stone staircase leading up here.
There is a stone staircase leading up here.
An orc priest comes into view. It is wielding a +0 falchion.
Enter note: You shoot an arrow.
The arrow hits the orc priest.
The orc priest is moderately wounded.
You shoot an arrow.
The arrow closely misses the orc priest.
You shoot an arrow.
The arrow closely misses the orc priest.
You shoot an arrow.
The arrow hits the orc priest but does no damage.
The orc priest is moderately wounded.
The orc priest mumbles some strange prayers to Beogh against you.
Pain shoots through your body!
You shoot an arrow. The arrow hits the orc priest.
The orc priest is heavily wounded.
You shoot an arrow. The arrow hits the orc priest.
The orc priest is heavily wounded.
You shoot an arrow. The arrow hits the orc priest!
The orc priest is almost dead.
The orc priest begins to cast a cantrip, but forgets the words!
You shoot an arrow.
The arrow hits the orc priest but does no damage.
The orc priest is almost dead.
The orc priest invokes the aid of Beogh against you.
Beogh smites you!
Ouch! That really hurt!
You shoot an arrow. The arrow barely misses the orc priest.
The orc priest mumbles some strange prayers to Beogh against you.
Beogh smites you!
You die...

#..#.#....#.#
...#.. #.#....#.#
.... #.#.###...#
...# #.\.# ...#
...# #..## ...# .
#..##..####...#
...###............#
#...........###...#
...##o@...## #
..........#####
..............##
..........<....##
#(..............#
................#
................#
....#####......##
##. #.......#


You could see an orc priest.

Vanquished Creatures
  Natasha (twice) (D:2)
  A scorpion zombie (D:3)
  6 adders
  2 dart slugs
  An orc (D:3)
  3 ball pythons (D:2)
  3 bats
  3 endoplasms
  4 giant cockroaches
  6 goblins
  4 hobgoblins
  3 jackals (D:2)
  7 kobolds
  A quokka (D:2)
  3 frilled lizards
  A giant cockroach zombie (D:3)
  3 rats (D:2)
53 creatures vanquished.

Notes
Turn   | Place    | Note
-------+----------+-------------------------------------------
     0 | D:1      | qw the Deep Elf Hunter began the quest for the Orb.
     0 | D:1      | Reached XP level 1. HP: 12/12 MP: 3/3
     0 | D:1      | 0 ||| qw: Version: 0.3-a-22-g0ed2b0b
     0 | D:1      | 0 ||| qw: Game counter: 6464
     0 | D:1      | 0 ||| qw: Melee chars always use a shield: true
     0 | D:1      | 0 ||| qw: God list: Okawaru
     0 | D:1      | 0 ||| qw: Allow faded altars: false
     0 | D:1      | 0 ||| qw: Do Orc after clearing Dungeon:15 true
     0 | D:1      | 0 ||| qw: Do second Lair branch before Depths: true
     0 | D:1      | 0 ||| qw: Lair rune preference: random
     0 | D:1      | 0 ||| qw: Goals: Normal
     0 | D:1      | 0 ||| PLANNING D:1-11
   541 | D:1      | Reached XP level 2. HP: 16/16 MP: 4/4
   787 | D:1      | 787 ||| UPGRADING to +0 cloak.
   792 | D:1      | 792 ||| READING scroll labelled SOOCKI VUYFIRR.
   793 | D:1      | 793 ||| DROPPING scroll of butterflies.
   833 | D:2      | Reached skill level 6 in Ranged Weapons
   901 | D:2      | You fall into a shaft and drop 2 floors!
   952 | D:4      | Found Tuubyusm's General Store.
   961 | D:4      | 961 ||| SHOPLISTING +1 helmet (126 gold, have 79).
   961 | D:4      | 961 ||| SHOPLISTING 2 potions of haste (220 gold, have 79).
   961 | D:4      | 961 ||| BUYING potion of curing (33 gold).
   961 | D:4      | Bought a potion of curing for 33 gold pieces
   961 | D:4      | 961 ||| SHOPLISTING potion of heal wounds (55 gold, have
                  | 46).
   961 | D:4      | 961 ||| SHOPLISTING potion of resistance (110 gold, have
                  | 46).
   967 | D:4      | 967 ||| FLEEEEING.
   968 | D:4      | 968 ||| FLEEEEING.
   969 | D:4      | 969 ||| FLEEEEING.
   970 | D:4      | 970 ||| STAIRDANCE
   973 | D:3      | Reached XP level 3. HP: 20/20 MP: 5/5
  1019 | D:3      | 1019 ||| READING scroll labelled KAWKEM EHOUQURY.
  1022 | D:3      | Found a radiant altar of Vehumet.
  1042 | D:3      | 1042 ||| UPGRADING to +0 ring mail.
  1054 | D:3      | Reached skill level 7 in Ranged Weapons
  1054 | D:3      | 1054 ||| DROPPING +0 leather armour.
  1297 | D:2      | Reached XP level 4. HP: 25/25 MP: 6/6
  1749 | D:2      | Noticed Natasha
  1754 | D:2      | Killed Natasha
  1755 | D:2      | Reached skill level 8 in Ranged Weapons
  1829 | D:2      | Noticed Natasha
  1837 | D:2      | Killed Natasha
  1838 | D:2      | Reached XP level 5. HP: 19/29 MP: 7/7
  1966 | D:2      | 1966 ||| UPGRADING to ring of poison resistance.
  1967 | D:2      | 1967 ||| READING 2 scrolls labelled ZUJOGA PO EMPA.
  1968 | D:2      | 1968 ||| READING scroll labelled JAGOSM BYCOICW.
  1969 | D:2      | 1969 ||| DROPPING scroll of fear.
  2111 | D:3      | Found a basalt altar of Yredelemnul.
  2219 | D:3      | Found a faded altar of an unknown god.
  2339 | D:3      | Found Geheis's Weapon Emporium.
  2452 | D:3      | 2452 ||| READING scroll labelled HEIGGI FIHYKLY.
  2464 | D:4      | 2464 ||| STAIRDANCE
  2473 | D:3      | HP: 5/29 [orc/+2 whip of electrocution (18)]
  2589 | D:4      | HP: 7/29 [orc priest/divine providence (15)]
  2590 | D:4      | Killed from afar by an orc priest

Levels and vault maps discovered:
D:1:      scummos_arrival_simple_crosswalls, layout_basic, hangedman_decor_push
D:2:      layout_basic, serial_forest, infiniplex_forest_lined_room_,
          infiniplex_forest_lined_room_2, infiniplex_forest_clump_medium,
          infiniplex_forest_zigzag_1, infiniplex_forest_clump_large,
          infiniplex_forest_clump_small, uniq_natasha
D:3:      layout_basic, mainiacjoe_overflow_concentric_impassable,
          lemuel_zombie_altar_yredelemnul, chequers_ecumenical_altar_lobes,
          serial_shops, nicolae_shop_real_fake_doors, nicolae_underground_beach
D:4:      layout_rooms, gammafunk_ghost_abyssal_escape, serial_shops, shop,
          shop, lexackson_kobold_supper

Skill      XL: |  1  2  3  4 |
---------------+-------------+-----
Ranged Weapons | 6 7 8 |  8.9
Fighting       | |  1.5
Dodging        | |  2.4
Stealth        | |  1.2

Action                     |  1- 3 |  4- 6 || total
---------------------------+-------+-------++-------
   Fire: Shortbow          |    97 |    86 ||   183
    Use: Scroll            |     2 |     3 ||     5
 Armour: Leather armour    |    15 |       ||    15
         Ring mail         |    34 |    14 ||    48
  Dodge: Dodged            |    49 |    14 ||    63

Table legend:
 A = Non-vault XP
 B = Vault XP
 C = Vault XP percentage of total XP
 D = Non-vault monster count
 E = Vault monster count
 F = Vault count percentage of total count
                 A         B        C        D         E       F
            +---------+---------+-------+---------+---------+-------
      Total |     193 |      71 |  26.9 |      50 |       3 |   5.7
            +---------+---------+-------+---------+---------+-------
        D:1 |      12 |       0 |   0.0 |       6 |       0 |   0.0
        D:2 |     101 |      36 |  26.3 |      27 |       1 |   3.6
        D:3 |      62 |      35 |  36.1 |      14 |       2 |  12.5
        D:4 |      18 |       0 |   0.0 |       3 |       0 |   0.0
            +---------+---------+-------+---------+---------+-------
